 Dungeon Crawl Stone Soup version 0.30-a0-55-g90e3122c3a (webtiles) character file.

Game seed: 5509075153963234789

73 Decritt the Slasher (level 4, 0/40 HPs)
             Began as a Minotaur Gladiator on Sept 10, 2022.
             Slain by a gnoll
             ... wielding a +0 halberd
              (12 damage)
             ... on level 2 of the Dungeon.
             The game lasted 00:03:31 (1178 turns).

Decritt the Slasher (Minotaur Gladiator)            Turns: 1178, Time: 00:03:32

Health: 0/40       AC: 11    Str: 19    XL:     4   Next: 8%
Magic:  3/3        EV:  8    Int:  5    God:
Gold:   33         SH:  5    Dex: 13    Spells: 3/3 levels left

rFire   + . .      SeeInvis .    a - +0 long sword
rCold   . . .      Faith    .    (no shield)
rNeg    . . .      Spirit   .    l - +2 chain mail {rF+}
rPois   +          Reflect  +    c - +0 hat
rElec   .          Harm     .    (no cloak)
rCorr   .          Rampage  .    i - +0 pair of gloves
Will    .....                    (no boots)
Stlth   ..........               b - amulet of reflection
HPRegen 0.13/turn                p - ring of poison resistance
MPRegen 0.08/turn                (no ring)

@: no status effects
A: horns 2, retaliatory headbutt
a: no special abilities


You were on level 2 of the Dungeon.
You visited 1 branch of the dungeon, and saw 2 of its levels.

You collected 33 gold pieces.

Inventory:

Hand Weapons
 a - a +0 long sword (weapon)
Missiles
 d - 3 throwing nets (quivered)
 e - a javelin
Armour
 c - a +0 hat (worn)
 i - a +0 pair of gloves (worn)
 l - a +2 chain mail of fire resistance (worn)
Jewellery
 b - an amulet of reflection (around neck)
 p - a ring of poison resistance (left hand)
Scrolls
 g - a scroll of torment {unknown}
 j - 2 scrolls of fog {unknown}
 m - a scroll of teleportation {unknown}
 n - a scroll of blinking {unknown}
 o - 2 scrolls of enchant armour {unknown}
 r - a scroll of enchant weapon {unknown}
Potions
 f - a potion of invisibility {unknown}
 h - 2 potions of resistance {unknown}
 k - a potion of flight {unknown}
 q - 2 potions of mutation {unknown}


   Skills:
 * Level 3.6 Fighting
 * Level 4.5 Long Blades
 - Level 2.0 Throwing
 + Level 1.5 Armour
 + Level 3.6 Dodging


You had 3 spell levels left.
You didn't know any spells.
Your spell library was empty.

Dungeon Overview and Level Annotations

Branches:
Dungeon (2/15)

Altars:


Innate Abilities, Weirdness & Mutations

You have a pair of horns on your head.
You reflexively headbutt those who attack you in melee.


Message History

The gnoll is heavily wounded.
The gnoll hits you but does no damage. You block the gnoll's attack.
You completely miss the gnoll. You headbutt the gnoll. You punch the gnoll.
The gnoll is severely wounded.
You block the gnoll's attack. The gnoll hits you but does no damage.
You block the gnoll's attack. The gnoll hits you but does no damage.
You slash the gnoll!
You kill the gnoll!
The gnoll barely misses you. You block the gnoll's attack.
The gnoll hits you with a +0 spear. The gnoll hits you but does no damage.
Things that are here:
a +0 club; a gnoll corpse You slash the gnoll!
The gnoll is heavily wounded.
The gnoll hits you but does no damage. x2
The gnoll hits you from afar with a +0 spear.
You barely miss the gnoll.
The gnoll is heavily wounded.
The gnoll closely misses you. The gnoll barely misses you. x2
You closely miss the gnoll. Your headbutt misses the gnoll.
The gnoll is heavily wounded.
You block the gnoll's attack. x2; The gnoll hits you but does no damage.
You hit the gnoll.
The gnoll is almost dead.
You block the gnoll's attack. The gnoll hits you with a +0 spear.
You block the gnoll's attack.
You hit the gnoll.
You kill the gnoll!
The gnoll barely misses you.
The gnoll hits you from afar with a +0 spear.
* * * LOW HITPOINT WARNING * * *
The gnoll hits you from afar with a +0 halberd!
* * * LOW HITPOINT WARNING * * *
The gnoll hits you but does no damage.
You have reached level 4!
You feel stronger.
There is a stone staircase leading down here.
The gnoll hits you from afar with a +0 halberd!
You die...

##.g. ##.... #..# ##.## ###..#
##...## ###..#### ########
##########...#...#
.......######...@.gg)).###...##
..........#...#########..(.....
.......##.....# ####.##.......
##.##.....# #.# ###....#
....#.. ##.##.#######.#
#...######.... . #..##.#
#....####.###.... ...##
......#### #..........#. ..
.........# ##.#..###.......
##.#####.# #.........##..# # .#


You could see 2 gnolls.

Vanquished Creatures
  2 gnolls (D:2)
  3 adders (D:2)
  A dart slug (D:2)
  5 bats
  An endoplasm (D:1)
  A giant cockroach (D:2)
  2 goblins
  4 hobgoblins
  3 frilled lizards
  3 kobolds (D:1)
  2 rats
27 creatures vanquished.

Notes
Turn   | Place    | Note
-------+----------+-------------------------------------------
     0 | D:1      | Decritt the Minotaur Gladiator began the quest for the Orb.
     0 | D:1      | Reached XP level 1. HP: 18/18 MP: 0/0
   282 | D:1      | Reached XP level 2. HP: 23/25 MP: 1/1
   306 | D:1      | Noticed a shining eye
   308 | D:1      | Found a faded altar of an unknown god.
   310 | D:1      | Noticed a golden eye
   316 | D:1      | Noticed a shining eye
   319 | D:1      | Noticed a floating eye
   726 | D:1      | Reached skill level 4 in Long Blades
   883 | D:2      | Reached skill level 1 in Armour
   902 | D:2      | Reached XP level 3. HP: 29/31 MP: 2/2
  1174 | D:2      | Reached XP level 4. HP: 11/40 MP: 3/3
  1178 | D:2      | Slain by a gnoll

Illustrated notes

Levels and vault maps discovered:
D:1:      elethiomel_arrival_shortcut, layout_basic,
          hellmonk_ecumenical_altar_watching_god
D:2:      layout_rooms

Skill      XL: |  1  2 |
---------------+-------+-----
Long Blades    | 4 |  4.5
Fighting       | 3 |  3.6
Armour         | 1 |  1.5
Throwing       | |  2.0
Dodging        | |  3.6

Action                   |  1- 3 |  4- 6 || total
-------------------------+-------+-------++-------
Melee: Long sword        |    57 |       ||    57
       Headbutt          |     9 |       ||     9
       Punch             |     2 |       ||     2
Armor: Leather armour    |     6 |       ||     6
       Chain mail        |    27 |       ||    27
Dodge: Dodged            |    35 |       ||    35
Block: Other             |     8 |       ||     8

Table legend: (Time is in decaauts)
 A = Elapsed time spent in this place.
 B = Non-inter-level travel time spent in this place.
 C = Inter-level travel time spent in this place.
 D = Time resting spent in this place.
 E = Time spent auto-exploring this place.
 F = Levels seen in this place.
 G = Mean time per level.
                   A        B        C        D        E       F      G
               +--------+--------+--------+--------+--------+-----+--------+
         Total |   1188 |   1164 |     24 |      0 |    904 |   2 |  594.0 |
       Dungeon |   1188 |   1164 |     24 |      0 |    904 |   2 |  594.0 |
               +--------+--------+--------+--------+--------+-----+--------+

Top non-repeatable levels by time:
     D:1: 801 daAuts
     D:2: 386 daAuts
